 Dungeon Crawl Stone Soup version 0.30-a0-777-ga9a30cbeda (webtiles) character file.

Game seed: 4120466352076831142

39 mopl the Magician (level 3, -1/21 HPs)
             Began as an Octopode Hedge Wizard on Feb 14, 2023.
             Slain by a hound (4 damage)
             ... on level 2 of the Dungeon.
             The game lasted 00:01:39 (1448 turns).

mopl the Magician (Octopode Hedge Wizard)           Turns: 1448, Time: 00:01:40

Health: -1/21      AC:  1    Str:  9    XL:     3   Next: 45%
Magic:  7/7        EV: 10    Int: 18    God:
Gold:   90         SH:  0    Dex: 11    Spells: 5/8 levels left

rFire   . . .      SeeInvis .    a - +0 dagger (speed)
rCold   . . .      Faith    .    (no shield)
rNeg    . . .      Spirit   .    b - +0 hat
rPois   .          Reflect  .    (no amulet)
rElec   .          Harm     .    (no ring)
rCorr   .          Rampage  .    (no ring)
Will    .....                    (no ring)
Stlth   +++                      (no ring)
HPRegen 0.23/turn                (no ring)
MPRegen 0.10/turn                (no ring)
                                 (no ring)
                                 (no ring)

@: lethally poisoned (-1 -> -7), constricted
A: almost no armour, amphibious, 8 rings, camouflage 1, gelatinous body 1,
(nimble swimmer 1), tentacles
a: no special abilities


You were on level 2 of the Dungeon.
You visited 1 branch of the dungeon, and saw 2 of its levels.

You collected 90 gold pieces.

Inventory:

Hand Weapons
 a - a +0 dagger of speed (weapon)
Armour
 b - a +0 hat (worn)
Scrolls
 e - 3 scrolls of teleportation {unknown}
 f - a scroll of acquirement {unknown}
 g - a scroll of fog {unknown}
 h - a scroll of enchant weapon {unknown}
 i - a scroll of noise {unknown}
 j - 2 scrolls of magic mapping {unknown}
 m - a scroll of enchant armour {unknown}
Potions
 c - a potion of magic
 d - a potion of mutation {unknown}
 k - a potion of curing {unknown}
 l - a potion of heal wounds


   Skills:
 - Level 2.0 Dodging
 - Level 2.6 Stealth
 + Level 3.4 Spellcasting
 + Level 2.0 Conjurations
 - Level 1.0 Summonings
 + Level 2.0 Translocations


You had 5 spell levels left.
You knew the following spells:

 Your Spells              Type           Power      Damage    Failure   Level
a - Magic Dart            Conj           40%        1d5       7%          1
e - Blink                 Tloc           20%        N/A       11%         2

Your spell library contained the following spells:

 Spells                   Type           Power      Damage    Failure   Level
 Slow                     Hex            12%        N/A       16%         1
 Call Imp                 Summ           6%         N/A       16%         2
 Cigotuvi's Dreadful Rot  Necr/Pois/Air  6%         N/A       24%         2
 Mephitic Cloud           Conj/Pois/Air  5%         N/A       34%         3
 Tukima's Dance           Hex            3%         N/A       43%         3
 Manifold Assault         Tloc           10%        N/A       56%         4
 Passage of Golubria      Tloc           10%        N/A       56%         4
 Yara's Violent Unravell  Hex/Tmut       1%         3d3       99%         5
 Dispersal                Tloc           5%         N/A       100%        6
 Disjunction              Tloc           5%         N/A       100%        8


Dungeon Overview and Level Annotations

Branches:
Dungeon (2/15)

Altars:


Innate Abilities, Weirdness & Mutations

You cannot wear most types of armour.
You are amphibious.
You can wear up to eight rings at the same time.
Your skin changes colour to match your surroundings (Stealth+).
Your rubbery body absorbs attacks. (AC +1, EV +1)
((You are camouflaged when in or above water. (Stealth+)))
You have tentacles for arms and can constrict up to eight enemies at once.


Message History

The hound barely misses you. The adder bites you.
You hit the hound. You squeeze the hound!
The hound is severely wounded.
You constrict the hound, but do no damage.
The hound bites you. The adder barely misses you.
You hit the hound.
The hound is severely wounded.
You constrict the hound, but do no damage.
The ball python closely misses you. x2; The hound barely misses you.
You hit the hound but do no damage.
The hound is severely wounded.
You constrict the hound, but do no damage.
The adder bites you.
You are poisoned.
The adder poisons you! The hound bites you. The ball python barely misses you.
The ball python grabs you. The ball python constricts you.
You are too injured to fight recklessly!
You are too injured to fight recklessly!
You miss the adder. Your grab misses the adder. Your squeeze misses the adder.
You constrict the hound.
You feel sick. The adder barely misses you. The hound bites you.
* * * LOW HITPOINT WARNING * * *
It was a potion of heal wounds.
You feel much better.
You constrict the hound.
You feel sick. The ball python bites you. The ball python constricts you.
The adder bites you.
You are more poisoned.
The adder poisons you! The hound bites you. The ball python bites you.
The ball python constricts you.
You miss the adder. Your grab misses the adder.
Your tentacle-slap misses the adder.
You constrict the hound.
You feel sick. The adder closely misses you. The hound bites you.
You hit the adder but do no damage. Your grab misses the adder.
You constrict the hound, but do no damage.
* * * LOW HITPOINT WARNING * * *
You feel sick. The ball python bites you.
* * * LOW HITPOINT WARNING * * *
The ball python constricts you.
* * * LOW HITPOINT WARNING * * *
The hound bites you.
You die...

#...# #(....... #...# ..
.... #...# .> #......
######...#### ..##.....
.#....<.......
......#.................
#.....##.#............
..#...hS# ######...####
......#@##.# #...#
#..S....# #...#
......#.#### #...#
...####.#########...# ~~
#.......#....## ~..
#..####......#####
≈≈≈≈≈##..####.........#.
#.......##........)÷...
###.###.##.#.......#.#.


You could see a hound, an adder and a ball python.

Vanquished Creatures
  4 endoplasms (D:1)
  3 giant cockroaches
  5 goblins (D:1)
  4 hobgoblins
  3 jackals (D:2)
  3 quokkas
  A ball python (D:1)
  2 bats (D:1)
  A frilled lizard (D:2)
  3 kobolds (D:1)
  5 rats
34 creatures vanquished.

Notes
Turn   | Place    | Note
-------+----------+-------------------------------------------
     0 | D:1      | mopl the Octopode Hedge Wizard began the quest for the Orb.
     0 | D:1      | Reached XP level 1. HP: 11/11 MP: 4/4
   204 | D:1      | Reached XP level 2. HP: 5/17 MP: 6/6
   223 | D:1      | Learned a level 2 spell: Blink
   460 | D:1      | Found a faded altar of an unknown god.
   829 | D:1      | Reached XP level 3. HP: 21/21 MP: 7/7
  1257 | D:2      | Reached skill level 2 in Conjurations
  1368 | D:2      | Reached skill level 2 in Translocations
  1448 | D:2      | Slain by a hound

Illustrated notes

Levels and vault maps discovered:
D:1:      heliophobic_arrival_dark_side_of_the_moon, layout_loops_corners,
          ebering_ecumenical_altar_webs, serial_forest,
          infiniplex_forest_straight_5, infiniplex_forest_lined_corner,
          infiniplex_forest_clump_diagonal, infiniplex_forest_fountain,
          kennysheep_small_spiral
D:2:      layout_loops_cross, chequers_serial_rivers_micro_e

Skill      XL: |  1  2  3 |
---------------+----------+-----
Conjurations   | 2 |  2.0
Translocations | 2 |  2.0
Dodging        | |  2.0
Stealth        | |  2.6
Spellcasting   | |  3.4
Summonings     | |  1.0

Action                     || total
---------------------------++-------
  Melee: Dagger            ||    86
         Constrict         ||    19
         Tentacles         ||    17
         Punch             ||     3
   Cast: Magic Dart        ||     1
    Use: Potion            ||     1
   Stab: Sleeping          ||     9
  Dodge: Dodged            ||    43

Table legend: (Time is in decaauts)
 A = Elapsed time spent in this place.
 B = Non-inter-level travel time spent in this place.
 C = Inter-level travel time spent in this place.
 D = Time resting spent in this place.
 E = Time spent auto-exploring this place.
 F = Levels seen in this place.
 G = Mean time per level.
                   A        B        C        D        E       F      G
               +--------+--------+--------+--------+--------+-----+--------+
         Total |   1433 |   1343 |     90 |    207 |    919 |   2 |  716.5 |
       Dungeon |   1433 |   1343 |     90 |    207 |    919 |   2 |  716.5 |
               +--------+--------+--------+--------+--------+-----+--------+

Top non-repeatable levels by time:
     D:1: 1171 daAuts
     D:2: 261 daAuts
